 Dungeon Crawl Stone Soup version 0.29-a0-668-g12ee2bf84d (webtiles) character file.

Game seed: 17070484670299380924

3545 quinnr the Zephyrmancer (level 10, -4/57 HPs)
             Began as a Tengu Air Elementalist on June 23, 2022.
             Slain by a hornet (7 damage)
             ... while paralysed by a hornet
             ... on level 9 of the Dungeon.
             The game lasted 00:18:04 (10483 turns).

quinnr the Zephyrmancer (Tengu Air Elementalist)   Turns: 10483, Time: 00:18:04

Health: -4/57      AC:  3    Str: 21    XL:     10   Next: 9%
Magic:  23/29      EV:  2    Int: 20    God:
Gold:   256        SH:  0    Dex: 15    Spells: 14/21 levels left

rFire   . . .      SeeInvis .   B - +7 dagger of Wealth {vamp, rN+ Will- MP+9 Str+7}
rCold   + . .      Faith    .   o - +0 buckler
rNeg    + . .      Spirit   .   w - +1 robe {rC+}
rPois   .          Reflect  .   (helmet restricted)
rElec   .          Harm     .   (no cloak)
rCorr   +          Rampage  .   (no gloves)
Will    .....                   (boots unavailable)
Stlth   +++.......              F - amulet of the acrobat
HPRegen 0.19/turn               l - +6 ring of strength
MPRegen 0.21/turn               y - ring of Zampusin {rCorr EV+4}

@: paralysed, lethally poisoned (-4 -> -14), flying quickly and evasively, quick
A: beak, talons 3, nimble flight
a: no special abilities


You were on level 9 of the Dungeon.
You visited 1 branch of the dungeon, and saw 9 of its levels.

You collected 256 gold pieces.

Inventory:

Hand Weapons
 e - a +0 short sword
 f - a +0 dagger of holy wrath
 s - the +2 hand crossbow of Iconoclasm {penet, *Slow rPois rF+ Str+2}
   (You found it on level 3 of the Dungeon)

   Any ammunition fired by it passes through the targets it hits, potentially
   hitting all targets in its path until it reaches maximum range.
   Str:       It affects your strength (+2).
   rF:        It protects you from fire.
   rPois:     It protects you from poison.
   *Slow:     It may slow you when you take damage.
 x - a +2 whip of freezing
 B - the +7 dagger of Wealth (weapon) {vamp, rN+ Will- MP+9 Str+7}
   (You found it on level 5 of the Dungeon)

   It occasionally heals its wielder for a portion of the damage dealt when it
   wounds a living foe.
   Str:       It affects your strength (+7).
   rN:        It protects you from negative energy.
   MP:        It affects your magic capacity (+9).
   Will:      It decreases your willpower.
 H - the +8 dagger "Woscha Naab" {venom, rElec rF- rN+}
   (You found it on level 5 of the Dungeon)

   It poisons the flesh of those it strikes.
   rF:        It makes you vulnerable to fire.
   rElec:     It insulates you from electricity.
   rN:        It protects you from negative energy.
Armour
 a - a +0 robe
 o - a +0 buckler (worn)
 w - a +1 robe of cold resistance (worn)
Jewellery
 l - a +6 ring of strength (left hand)
 y - the ring of Zampusin (right hand) {rCorr EV+4}
   (You found it on level 4 of the Dungeon)

   [ring of evasion]

   EV:        It affects your evasion (+4).
   rCorr:     It protects you from acid and corrosion.
 F - an amulet of the acrobat (around neck)
Wands
 u - a wand of iceblast (11)
 v - a wand of mindburst (16)
 C - a wand of polymorph (10)
 I - a wand of charming (8)
 J - a wand of light (10)
 K - a wand of flame (16)
Scrolls
 g - a scroll of teleportation {unknown}
 h - a scroll of noise {unknown}
 i - 2 scrolls of vulnerability {unknown}
 n - 2 scrolls of poison {unknown}
 q - a scroll of summoning {unknown}
 r - a scroll of enchant weapon
Potions
 b - a potion of magic
 c - a potion of resistance
 d - a potion of ambrosia
 j - 4 potions of flight
 k - a potion of brilliance
 p - a potion of berserk rage
 t - 3 potions of curing
 z - a potion of haste
 E - a potion of might
 G - a potion of heal wounds


   Skills:
 + Level 4.2 Fighting
 + Level 0.6 Armour
 - Level 8.0 Dodging
 - Level 4.0 Stealth
 - Level 4.0 Shields
 - Level 6.0 Spellcasting
 - Level 2.0 Conjurations
 - Level 11.0 Air Magic


You had 14 spell levels left.
You knew the following spells:

 Your Spells              Type           Power      Damage    Failure   Level
a - Shock                 Conj/Air       100%       1d9       1%          1
b - Static Discharge      Conj/Air       32%        N/A       1%          2
c - Airstrike             Air            25%        N/A       1%          4

Your spell library contained the following spells:

 Spells                   Type           Power      Damage    Failure   Level
 Swiftness                Air            50%        N/A       1%          3
 Sublimation of Blood     Necr           6%         N/A       21%         2
 Wereblood                Tmut           6%         N/A       21%         2
 Summon Hydra             Summ           3%         N/A       100%        7


Dungeon Overview and Level Annotations

Branches:
Dungeon (9/15)
 Temple: D:4-7         Lair: D:8-11         Orc: D:9-12

Altars:
Makhleb
Sif Muna
Uskayaw
Zin

Shops:
D:2 =

Annotations:
D:9 1 transporter


Innate Abilities, Weirdness & Mutations

You have a beak for a mouth.
You have claws for feet.
Your magical nature lets you fly swiftly and evasively.


Message History

The bullfrog is struck by an arc of lightning.
The bullfrog is moderately wounded.
You are struck by an arc of lightning.
The lightning grounds out.
The wight is struck by an arc of lightning.
The wight is almost destroyed.
You are struck by an arc of lightning.
The wight is struck by an arc of lightning.
You destroy the wight!
The lightning grounds out.
The bullfrog misses you. You block the hornet's attack.
Unknown command.
Unknown command.
Casting: Static Discharge (safe; 1% risk of failure)
Confirm with . or Enter, or press ? or * to list all spells.
The bullfrog is struck by an arc of lightning.
The bullfrog is heavily wounded.
You are struck by an arc of lightning.
The lightning grounds out.
The hornet barely misses you. The bullfrog hits you.
The hornet closely misses you. The bullfrog hits you.
Unknown command.
Unknown command.
Casting: Static Discharge (safe; 1% risk of failure)
Confirm with . or Enter, or press ? or * to list all spells.
The bullfrog is struck by an arc of lightning!
The bullfrog is almost dead.
You are struck by an arc of lightning.
The hornet is struck by an arc of lightning.
The hornet is lightly wounded.
The lightning grounds out.
The bullfrog hits you. The hornet stings you.
You are poisoned.
You suddenly lose the ability to move!
The howler monkey barely misses you.
You feel very sick. The hornet stings you!
* * * LOW HITPOINT WARNING * * *
You shrug off the repeated paralysis!
The bullfrog hits you.
* * * LOW HITPOINT WARNING * * *
The howler monkey hits you.
* * * LOW HITPOINT WARNING * * *
The hornet stings you!
You die...

#.# #.##...#..#.......#
#.#
###.##.#.#8P#S≈≈≈≈≈≈# ..
........############
##.##...............
#..................
.#####.............##.##
.....................>..
.#####F.h..........##.##
.......@y..........# #
...###.##.########.# #
#. #.# #.# #. #h# #.# #.
#.y ... #. #.. ..# #. ..


You could see a hornet, a bullfrog and a howler monkey.

Vanquished Creatures
  Pikel (D:4)
  Maggie (D:6)
  Grinder (D:5)
  Sigmund (D:6)
  A water moccasin (D:6)
  A black bear (D:6)
  4 ogres (D:6)
  A centaur (D:6)
  4 phantoms
  4 lemures
  Blork the orc (D:5)
  A gnoll sergeant (D:5)
  A scorpion (D:5)
  5 wights
  2 howler monkeys
  A vampire bat (D:3)
  5 jellies
  3 hounds (D:5)
  4 orc priests
  5 orc wizards
  Ijyb (D:5)
  5 iguanas
  3 gnolls (D:5)
  6 adders
  A shadow imp (D:6)
  3 white imps
  2 ufetubi
  A worm (D:2)
  3 fire bats (D:3)
  27 orcs
  2 spectral bats (D:3)
  12 bats
  3 bat skeletons (D:3)
  A bat zombie (D:3)
  4 endoplasms
  3 giant cockroaches
  5 goblins
  6 hobgoblins
  10 jackals
  3 kobolds
  3 quokkas
  5 ball pythons
  A bat simulacrum (D:3)
  5 frilled lizards
  10 rats
172 creatures vanquished.

Notes
Turn   | Place    | Note
-------+----------+-------------------------------------------
     0 | D:1      | quinnr the Tengu Air Elementalist began the quest for the
                  | Orb.
     0 | D:1      | Reached XP level 1. HP: 10/10 MP: 4/4
   316 | D:1      | Reached XP level 2. HP: 15/15 MP: 4/6
   322 | D:1      | Learned a level 2 spell: Static Discharge
   558 | D:1      | Reached skill level 5 in Air Magic
  1005 | D:1      | Reached XP level 3. HP: 19/19 MP: 4/7
  1854 | D:2      | Found a faded altar of an unknown god.
  2173 | D:2      | Found Sivy's Jewellery Boutique.
  2331 | D:2      | Reached XP level 4. HP: 24/24 MP: 4/8
  2740 | D:3      | Identified the +1 ring mail of the Cicada {rElec Will+}
  2754 | D:3      | Reached skill level 1 in Shields
  2754 | D:3      | Identified the +2 hand crossbow of Iconoclasm {penet, *Slow
                  | rPois rF+ Str+2}
  2906 | D:3      | Reached skill level 6 in Air Magic
  3163 | D:3      | Found a burning altar of Makhleb.
  3170 | D:3      | Found a glowing silver altar of Zin.
  3171 | D:3      | Noticed a green death
  3171 | D:3      | Noticed an angel
  3587 | D:3      | Gained mutation: Your magical nature lets you fly swiftly
                  | and evasively. [Tengu growth]
  3587 | D:3      | Reached XP level 5. HP: 26/28 MP: 0/9
  4101 | D:4      | Noticed a yak
  4157 | D:4      | Noticed Pikel
  4157 | D:4      | Noticed a lemure
  4157 | D:4      | Noticed a lemure
  4157 | D:4      | Noticed a lemure
  4157 | D:4      | Noticed a lemure
  4531 | D:4      | Reached XP level 6. HP: 32/32 MP: 7/10
  4810 | D:3      | Learned a level 4 spell: Airstrike
  5367 | D:4      | Killed Pikel
  5368 | D:4      | Reached skill level 9 in Air Magic
  5368 | D:4      | Reached XP level 7. HP: 14/36 MP: 2/11
  5614 | D:4      | Reached skill level 10 in Air Magic
  5949 | D:4      | Identified the ring of Zampusin {rCorr EV+4}
  6071 | D:4      | Reached skill level 1 in Fighting
  6071 | D:4      | Reached XP level 8. HP: 33/43 MP: 2/12
  6342 | D:5      | Entered Level 5 of the Dungeon
  6527 | D:5      | Noticed Grinder
  6532 | D:5      | Identified the +7 dagger of Wealth {vamp, rN+ Will- MP+9
                  | Str+7}
  6590 | D:5      | Killed Grinder
  7122 | D:5      | Found a shimmering blue altar of Sif Muna.
  7122 | D:5      | Found a hide-covered altar of Uskayaw.
  7180 | D:5      | Noticed Blork the orc
  7194 | D:5      | Killed Blork the orc
  7491 | D:5      | Reached skill level 11 in Air Magic
  7536 | D:5      | Reached skill level 5 in Dodging
  7536 | D:5      | Reached XP level 9. HP: 50/50 MP: 5/16
  7958 | D:5      | Noticed Ijyb
  8102 | D:5      | Identified the +8 dagger "Woscha Naab" {venom, rElec rF-
                  | rN+}
  8491 | D:5      | Killed Ijyb
  8870 | D:6      | Noticed Sigmund
  9205 | D:6      | Noticed Maggie
  9319 | D:6      | Killed Sigmund
  9323 | D:6      | Killed Maggie
  9324 | D:6      | Reached skill level 5 in Spellcasting
  9728 | D:6      | Reached XP level 10. HP: 56/56 MP: 16/19
 10402 | D:7      | You are sucked into a shaft and drop 2 floors!
 10410 | D:9      | Found a transporter.
 10411 | D:9      | quinnr: ??malevolence
 10411 | D:9      | beem: I don't have a page labeled malevolence in my
                  | learndb.
 10443 | D:9      | Noticed a four-headed hydra
 10482 | D:9      | Paralysed by a hornet for 2 turns
 10483 | D:9      | HP: 4/57 [bullfrog (3)]
 10483 | D:9      | Slain by a hornet

Illustrated notes

Levels and vault maps discovered:
D:1:      amcnicky_arrival_blooded_trapdoor, layout_loops_ring, serial_forest,
          infiniplex_forest_clump_double, infiniplex_forest_clump_double,
          infiniplex_forest_lined_1, infiniplex_forest_straight_4,
          infiniplex_forest_lined_room_, infiniplex_forest_clump_medium,
          infiniplex_forest_lined_corner, amcnicky_mini_rare_corridor_liquid,
          minivault_11, minmay_misc_feat_hallway, dk_noncrumbling_4,
          kennysheep_another_room, nicolae_figureground_sparkle
D:2:      layout_basic, shapermc_ecumenical_altar_starsandcircs, serial_shops,
          nicolae_shop_hallway_plus, chequers_serial_rivers_micro_c,
          chequers_serial_rivers_micro_b, minmay_surrounded
D:3:      layout_loops_ring, grunt_temple_overflow_order_and_chaos_2,
          goddamned_bats
D:4:      layout_gridville, lightli_corner_chamber, uniq_pikel
D:5:      layout_loops_corners, nicolae_overflow_hidden_temple,
          minmay_increasing_density, uniq_blork_the_orc, uniq_ijyb, uniq_grinder
D:6:      layout_cave_pools, serial_column_ruins, column_ruins_square_small,
          column_ruins_open_small, column_ruins_corridor_straight,
          column_ruins_corridor_straight, column_ruins_grid_1,
          column_ruins_grid_4, column_ruins_open_medium,
          column_ruins_corridor_straight, uniq_maggie, uniq_sigmund
D:7:      layout_cave_pools, minmay_temple_entry_offerings, serial_park,
          serial_park_square3 [serial_park_minivault_5x5_3], serial_park_tiny_1,
          serial_park_tiny_pond, serial_park_tiny_pond, serial_park_tiny_pond
D:8:      layout_loops_ring, david_lair_generic, corexii_corridor_pit
D:9:      gammafunk_steamed_eel, layout_basic, enter_bailey_5, uniq_erolcha

Skill      XL: |  1  2  3  4  5  6  7  8  9 10 |
---------------+-------------------------------+-----
Air Magic      | 5 6 9 10 11 | 11.0
Shields        | 2 3 4 |  4.0
Fighting       | 1 3 4 |  4.2
Dodging        | 5 7 8 |  8.0
Spellcasting   | 4 5 6 |  6.0
Conjurations   | 2 |  2.0
Stealth        | 4 |  4.0
Armour         | |  0.6

Action                   |  1- 3 |  4- 6 |  7- 9 | 10-12 || total
-------------------------+-------+-------+-------+-------++-------
Melee: Unarmed           |     1 |       |       |       ||     1
       Dagger            |     1 |     4 |       |       ||     5
       Kick              |     1 |     1 |       |       ||     2
 Cast: Shock             |    86 |    89 |   117 |    18 ||   310
       Static Discharge  |       |    16 |    13 |     4 ||    33
       Airstrike         |       |     2 |    55 |     9 ||    66
Evoke: Wand              |       |     4 |       |       ||     4
  Use: Scroll            |       |     1 |     9 |     2 ||    12
Armor: Robe              |     1 |    15 |     1 |       ||    17
Dodge: Dodged            |     4 |    25 |    19 |    17 ||    65
Block: Buckler           |       |    12 |     4 |     4 ||    20

Table legend: (Time is in decaauts)
 A = Elapsed time spent in this place.
 B = Non-inter-level travel time spent in this place.
 C = Inter-level travel time spent in this place.
 D = Time resting spent in this place.
 E = Time spent auto-exploring this place.
 F = Levels seen in this place.
 G = Mean time per level.
                   A        B        C        D        E       F      G
               +--------+--------+--------+--------+--------+-----+--------+
         Total |  10229 |   9911 |    318 |   1202 |   7488 |   9 | 1136.6 |
       Dungeon |  10229 |   9911 |    318 |   1202 |   7488 |   9 | 1136.6 |
               +--------+--------+--------+--------+--------+-----+--------+

Top non-repeatable levels by time:
     D:5: 2931 daAuts
     D:3: 2285 daAuts
     D:1: 1381 daAuts
     D:4: 1308 daAuts
     D:2: 1275 daAuts
     D:6: 967 daAuts
     D:9: 47 daAuts
     D:8: 27 daAuts
     D:7: 5 daAuts
